 Dungeon Crawl Stone Soup version 0.31-a0-1074-g0b22e4e0f1 (webtiles) character file.

Game seed: 1270440121690370324

8144 bmb222 the Cleaver (level 11, -5/90 HPs)
             Began as a Ghoul Gladiator on Dec 2, 2023.
             Was an Elder of Makhleb.
             Killed by divine providence
             ... invoked by an orc high priest
              (9 damage)
             ... in a bailey.
             The game lasted 00:12:17 (7267 turns).

bmb222 the Cleaver (Ghoul Gladiator)                Turns: 7267, Time: 00:12:17

Health: -5/90      AC: 20    Str: 29    XL:     11   Next: 26%
Magic:  14/14      EV: 14    Int: 11    God:    Makhleb [****..]
Gold:   410        SH: 10    Dex: 10    Spells: 10/10 levels left

rFire   . . .        z - +2 hand axe (distort)
rCold   + . .        f - +2 kite shield {reflect}
rNeg    + + +        A - +7 chain mail of Vaqeff {rElec Str+6 Int+4}
rPois   ∞            c - +0 helmet
rElec   +            (no cloak)
rCorr   .            C - +0 pair of gloves
SInv    .            (no boots)
Will    .....        k - amulet of regeneration Stlth
                     D - +5 ring of evasion
HPRegen 0.00/turn    (no ring)
MPRegen 0.14/turn

%: reflection
@: spiked, inhibited regen, hasted, studying Armour, very quick
A: claws 1, cold resistance 1, negative energy resistance 3, inhibited
regeneration, torment resistance 2, devour on kill
a: Renounce Religion, Minor Destruction, Lesser Servant of Makhleb, Major
Destruction


You were in a bailey.
You worshipped Makhleb.
Makhleb was greatly pleased with you.
You visited 2 branches of the dungeon, and saw 9 of its levels.
You also visited: Ossuary and Bailey.

You collected 644 gold pieces.
You spent 234 gold pieces at shops.

Inventory:

Hand Weapons
 a - a +0 war axe
 h - a +2 scimitar of flaming
 z - a +2 hand axe of distortion (weapon)
Missiles
 d - 4 throwing nets (quivered)
 e - 4 javelins
Armour
 b - a +0 leather armour
 c - a +0 helmet (worn)
 f - a +2 kite shield of reflection (worn)
 m - +0 acid dragon scales
 y - a +0 scale mail
 A - the +7 chain mail of Vaqeff (worn) {rElec Str+6 Int+4}
   (You found it on level 5 of the Dungeon)

   Str+6:     It affects your strength (+6).
   Int+4:     It affects your intelligence (+4).
   rElec:     It insulates you from electricity.
 C - a +0 pair of gloves (worn)
Jewellery
 i - a ring of fire
 k - an amulet of regeneration (around neck)
 w - a ring of fire
 D - a +5 ring of evasion (left hand)
Talismans
 g - a blade talisman
Wands
 l - a wand of polymorph (7)
 q - a wand of light (4)
 s - a wand of flame (40)
Scrolls
 r - a scroll of immolation
 v - 2 scrolls of revelation
 x - a scroll of blinking
 B - a scroll of brand weapon
Potions
 j - a potion of ambrosia
 o - 2 potions of degeneration
 p - a potion of might
 u - 2 potions of enlightenment
 E - a potion of curing


   Skills:
 + Level 6.3 Fighting
 * Level 11.4 Axes
 + Level 1.9 Throwing
 * Level 8.0 Armour
 - Level 3.0 Dodging
 - Level 0.2 Stealth
 * Level 2.8 Shields
 * Level 5.6 Invocations
 + Level 1.0 Evocations


You had 10 spell levels left.
You didn't know any spells.
Your spell library contained the following spells:

 Spells                   Type           Power      Damage    Failure   Level
 Magic Dart               Conj           0%         1d3       95%         1
 Searing Ray              Conj           0%         2d4       98%         2
 Frozen Ramparts          Ice            0%         1d1       100%        3
 Fulminant Prism          Conj/Hex       0%         3d5       100%        4
 Petrify                  Tmut/Erth      0%         N/A       100%        4
 Metabolic Englaciation   Hex/Ice        0%         N/A       100%        5


Dungeon Overview and Level Annotations

Branches:
Dungeon (8/15)             Temple (1/1) D:4            Lair (0/5) D:8
Ossuary (visited)          Bailey (1/1)

Altars:
Ashenzari
Cheibriados
Fedhas
Gozag
Hepliaklqana
Makhleb
Nemelex Xobeh
Qazlal
Ru
Sif Muna
Uskayaw
Vehumet
Wu Jian
Xom
Yredelemnul

Shops:
D:1 !   D:2 (=:   D:8 !

Annotations:
D:6 1 runed translucent door, Crazy Yiuf
Abyss:1 Eustachio, Pikel


Innate Abilities, Weirdness & Mutations

You are immune to poison.
You have sharp fingernails.
Your flesh is cold resistant. (rC+)
You are immune to negative energy. (rN+++)
You do not regenerate when monsters are visible.
You are immune to unholy pain and torment.
You thrive by killing the living.


Message History

The orc high priest blinks!
The orc high priest mumbles some strange prayers to Beogh.
You slash the smoke demon!
Space warps horribly around the smoke demon!
The smoke demon is heavily wounded.
You hit the ice devil.
Space warps horribly around the ice devil!
You hit the orc high priest but do no damage.
The orc high priest blinks!
You block the smoke demon's attack.
The smoke demon hits you but does no damage.
The smoke demon barely misses you.
The orc high priest mumbles some strange prayers to Beogh against you.
Beogh smites you! The ice devil hits you! The ice devil freezes you!
You resist.
The red devil hits you from afar with a +0 trident.
Barbed spikes become lodged in your body.
The smoke demon gestures at you. Beogh smites you!
* * * LOW HITPOINT WARNING * * *
The orc high priest mumbles some strange prayers to Beogh against you.
Beogh smites you!
* * * LOW HITPOINT WARNING * * *
You feel yourself speed up. The ice devil completely misses you.
The red devil barely misses you.
You hit the orc high priest.
Space warps around the orc high priest.
The orc high priest is almost dead.
You hit the smoke demon but do no damage.
You hit the ice devil.
Space warps around the ice devil.
The smoke demon blinks!
The ice devil hits you.
* * * LOW HITPOINT WARNING * * *
The ice devil freezes you! You resist.
* * * LOW HITPOINT WARNING * * *
The red devil barely misses you.
You hit the orc high priest but do no damage.
Space warps around the orc high priest.
The orc high priest is almost dead.
You slash the ice devil!
Space warps around the ice devil.
The orc high priest calls down the wrath of Beogh upon you.
Beogh smites you!
You die...

≈≈≈ ######~~~~~~~~~~~###### ≈≈≈
≈≈≈≈≈#.'..).....∩........'.# ≈≈≈≈
≈≈≈≈≈###..######.######..###≈≈≈≈≈
≈≈≈≈≈#....#...#...#.))#....#≈≈≈≈≈
≈≈≈≈≈#....#...#...#.))#))).#≈≈≈≈≈
≈≈≈≈≈#'#)##+###8.8###+##'#'#≈≈≈≈≈
≈≈≈≈≈~.#).# #..4# #.)#.~≈≈≈≈≈
≈≈≈≈≈~.#..# #8o8# #..#.~≈≈≈≈≈
≈≈≈≈≈~.#..# #.@.# #..#.~≈≈≈≈≈
≈≈≈≈≈~.#..# #)§4# #..#.~≈≈≈≈≈
≈≈≈≈≈~.#..# ##)## #..#.~≈≈≈≈≈
≈≈≈≈≈~.##'# ... #)##.~≈≈≈≈≈
≈≈≈≈≈~.#))# .._.. #.)#.~≈≈≈≈≈
≈≈≈≈≈~.#.8# .3..... #8.#.~≈≈≈≈≈
≈≈≈≈≈~.#..# ......... #..#.~≈≈≈≈≈
≈≈≈≈≈~.#.8#############8.#.~≈≈≈≈≈
≈≈≈≈≈~.#.....#######.....#.~≈≈≈≈≈


You could see an orc high priest, an ice devil (summoned), a smoke demon
(summoned) and a red devil (summoned).

Vanquished Creatures
  A centaur warrior (D:8)
  2 gargoyles (D:8)
  Maggie (D:6)
  A kobold demonologist (Bailey)
  Jeremiah (D:7)
  An efreet (D:8)
  A hornet (D:8)
  A troll (D:8)
  Grinder (D:5)
  Sigmund (D:6)
  A wyvern (D:8)
  A basilisk (D:8)
  Menkaure (D:7)
  A water moccasin (D:8)
  Duvessa (D:7)
  An ice beast (D:6)
  9 orc warriors
  3 sky beasts
  A black bear (D:5)
  2 ogres
  A centaur (D:7)
  2 phantoms (D:4)
  Blork the orc (D:6)
  2 elf zombies
  3 bullfrogs
  A gnoll sergeant (D:7)
  A scorpion (D:4)
  A wight (D:8)
  Dowan (D:7)
  5 electric eels (Bailey)
  2 howler monkeys
  5 hounds
  A jelly (D:7)
  2 orc priests (D:4)
  3 gnoll boudas
  5 iguanas
  A sleepcap (D:7)
  2 human skeletons (D:6)
  3 orc wizards
  Natasha (D:3)
  2 mummies (Ossuary)
  Robin (D:3)
  7 adders
  18 gnolls
  A white imp (D:5)
  2 ufetubi (D:5)
  A worm (D:3)
  2 dart slugs (D:2)
  25 orcs
  9 endoplasms
  4 giant cockroaches
  21 goblins
  16 hobgoblins
  7 jackals
  6 quokkas
  4 ball pythons
  6 bats
  2 frilled lizards (D:1)
  2 gnoll zombies (Ossuary)
  3 goblin zombies (Ossuary)
  7 hobgoblin zombies (Ossuary)
  5 kobolds
  3 orc skeletons (D:6)
  4 rats
233 creatures vanquished.

Notes
Turn   | Place    | Note
-------+----------+-------------------------------------------
     0 | D:1      | bmb222 the Ghoul Gladiator began the quest for the Orb.
     0 | D:1      | Reached XP level 1. HP: 17/17 MP: 0/0
    79 | D:1      | Reached skill level 3 in Axes
    79 | D:1      | Reached XP level 2. HP: 8/24 MP: 1/1
   146 | D:1      | Found Keviqix's Distillery.
   477 | D:1      | Reached XP level 3. HP: 29/29 MP: 2/2
   809 | D:1      | Reached skill level 1 in Armour
  1163 | D:2      | Found Rinear's Weapon Boutique.
  1333 | D:2      | Found Jielior's Jewellery Shop.
  1390 | D:2      | Reached XP level 4. HP: 37/37 MP: 3/3
  1441 | D:2      | Found Inim's Book Emporium.
  1549 | D:2      | Found a faded altar of an unknown god.
  1726 | D:3      | Noticed a +0 dagger
  1726 | D:3      | Noticed a +0 falchion
  1730 | D:3      | Noticed a +0 spear
  1749 | D:3      | Noticed a +0 spear
  1750 | D:3      | Noticed a +0 dagger
  1750 | D:3      | Noticed a +0 falchion
  1750 | D:3      | Noticed a +0 short sword
  1899 | D:3      | Found a hide-covered altar of Uskayaw.
  1899 | D:3      | Noticed a +0 short sword
  1930 | D:3      | Noticed Robin
  1947 | D:3      | Killed Robin
  2147 | D:3      | Reached skill level 4 in Axes
  2246 | D:3      | Noticed Natasha
  2255 | D:3      | Killed Natasha
  2256 | D:3      | Reached XP level 5. HP: 21/42 MP: 4/4
  2352 | D:4      | Found a staircase to the Ecumenical Temple.
  2462 | Temple   | Entered the Ecumenical Temple
  2490 | Temple   | Became a worshipper of Makhleb the Destroyer
  2591 | D:4      | Found an ornate altar of the Wu Jian Council.
  2624 | D:4      | Noticed a phantom
  2640 | D:4      | Killed a phantom
  2641 | D:4      | Reached skill level 5 in Axes
  2641 | D:4      | Reached XP level 6. HP: 18/51 MP: 5/5
  2891 | D:4      | You fall into a shaft and drop 1 floor!
  2891 | D:5      | Entered Level 5 of the Dungeon
  3032 | D:4      | Reached XP level 7. HP: 44/57 MP: 6/6
  3425 | D:4      | Reached skill level 6 in Axes
  3825 | D:2      | Bought a +2 hand axe of distortion for 234 gold pieces
  3930 | D:5      | Identified the +7 chain mail of Vaqeff {rElec Str+6 Int+4}
  4200 | D:5      | Noticed Grinder
  4212 | D:5      | Paralysed by Grinder for 2 turns
  4214 | D:5      | Killed Grinder
  4215 | D:5      | Reached XP level 8. HP: 66/66 MP: 7/7
  4296 | D:5      | Reached skill level 7 in Axes
  4644 | D:5      | Noticed Eustachio
  4656 | D:5      | Banished Eustachio
  4788 | D:6      | Reached * piety under Makhleb
  4795 | D:6      | Noticed Pikel
  4801 | D:6      | Banished Pikel
  4802 | D:6      | Reached skill level 8 in Axes
  4802 | D:6      | Reached skill level 1 in Invocations
  4826 | D:6      | Reached XP level 9. HP: 72/72 MP: 9/9
  4917 | D:6      | Noticed Blork the orc
  4926 | D:6      | Killed Blork the orc
  4927 | D:6      | Reached skill level 5 in Armour
  4962 | D:6      | Noticed Sigmund
  4973 | D:6      | Killed Sigmund
  4983 | D:6      | Noticed Maggie
  5018 | D:6      | Killed Maggie
  5019 | D:6      | Reached skill level 5 in Fighting
  5139 | D:6      | Found a sand-covered staircase.
  5148 | Ossuary  | Entered an ossuary
  5169 | Ossuary  | Reached skill level 9 in Axes
  5875 | D:6      | Found a runed translucent door.
  5876 | D:6      | Noticed Crazy Yiuf
  5959 | D:7      | Noticed Menkaure
  5967 | D:7      | Noticed Dowan
  5970 | D:7      | Noticed Duvessa
  5973 | D:7      | Reached ** piety under Makhleb
  5978 | D:7      | Killed Menkaure
  5989 | D:7      | Killed Duvessa
  5993 | D:7      | Killed Dowan
  6097 | D:7      | Reached XP level 10. HP: 81/81 MP: 11/11
  6506 | D:7      | Noticed Jeremiah
  6534 | D:7      | Killed Jeremiah
  6595 | D:8      | Found Teasejyd's Distillery.
  6640 | D:8      | Reached skill level 10 in Axes
  6661 | D:8      | Noticed a centaur warrior
  6661 | D:8      | Noticed a gargoyle
  6666 | D:8      | Killed a centaur warrior
  6667 | D:8      | Reached skill level 1 in Shields
  6673 | D:8      | Killed a gargoyle
  6691 | D:8      | Noticed a gargoyle
  6695 | D:8      | Reached *** piety under Makhleb
  6706 | D:8      | Killed a gargoyle
  6708 | D:8      | Reached skill level 5 in Invocations
  6708 | D:8      | Reached skill level 1 in Evocations
  6719 | D:8      | Identified the +10 shortbow "Fomn" {drain, rN+++ Dex+2
                  | Stlth+}
  6791 | D:8      | Reached skill level 11 in Axes
  6791 | D:8      | Reached XP level 11. HP: 89/89 MP: 12/14
  6815 | D:8      | Found a flagged portal.
  6824 | Bailey   | Entered a bailey
  7044 | Bailey   | Acquired a manual of Armour
  7200 | Bailey   | Reached **** piety under Makhleb
  7251 | Bailey   | Found an iron altar of Okawaru.
  7251 | Bailey   | Noticed an orc high priest
  7266 | Bailey   | HP: 4/90 [ice devil[an orc high priest] (8)]
  7267 | Bailey   | Killed from afar by an orc high priest

Illustrated notes

Levels and vault maps discovered:
D:1:      dpeg_arrival_yet_another_circle, layout_loops_ring, serial_shops,
          shop, minmay_tromino_i4
D:2:      layout_loops_ring, serial_shops, shop,
          nicolae_shop_tiny_statue_garden, nicolae_shop_tiny_waterfront,
          shapermc_ecumenical_altar_acropolis
D:3:      layout_basic, nicolae_uskayaw_en_pointe, uniq_natasha, uniq_robin
D:4:      layout_basic, mainiacjoe_overflow_concentric_impassable,
          minmay_temple_entry_hall
D:5:      layout_loops_corners, lemuel_round_altar, uniq_eustachio, uniq_grinder
D:6:      layout_basic, nicolae_ossuary_entry_catacombs, uniq_pikel,
          uniq_blork_the_orc, uniq_maggie, uniq_sigmund, uniq_crazy_yiuf_cottage
D:7:      layout_cave_pools, uniq_jeremiah, uniq_duvessa, uniq_menkaure
D:8:      layout_basic, lemuel_tele_altar, elyvilon_altar_1,
          david_lair_shrubbed, serial_shops, nicolae_shop_tiny_real_fake_doors,
          enter_bailey_2, minmay_the_grid_2x2 [minmay_the_grid_dragon_b,
          minmay_the_grid_square_x, minmay_the_grid_doors,
          minmay_the_grid_prize_shrinking_boxes]
Temple:   jpeg_temple_clearing
Bailey:   bailey_axe_of_yendor_kennysheep, bailey

Skill      XL: |  1  2  3  4  5  6  7  8  9 10 11 |
---------------+----------------------------------+-----
Axes           | 3 4 5 6 8 9 11 | 11.4
Dodging        | 3 |  3.0
Armour         | 1 2 3 4 6 7 8 |  8.0
Fighting       | 3 4 5 6 |  6.3
Invocations    | 1 3 5 |  5.6
Shields        | 2 |  2.8
Evocations     | 1 |  1.0
Throwing       | |  1.9
Stealth        | |  0.2

Action                     |  1- 3 |  4- 6 |  7- 9 | 10-12 || total
---------------------------+-------+-------+-------+-------++-------
  Melee: War axe           |   102 |   150 |    24 |       ||   276
         Punch             |       |     2 |     3 |       ||     5
         Hand axe          |       |       |   237 |   228 ||   465
  Throw: Throwing net      |       |       |       |     1 ||     1
  Evoke: Wand              |       |       |     7 |     3 ||    10
    Use: Scroll            |       |       |    10 |     3 ||    13
         Potion            |       |       |     4 |     4 ||     8
   Stab: Invisible         |       |       |       |     1 ||     1
 Armour: Leather armour    |    68 |   109 |    13 |       ||   190
         Chain mail        |       |       |   128 |   113 ||   241
         Scale mail        |       |       |    12 |       ||    12
  Dodge: Dodged            |    78 |   116 |    99 |    85 ||   378
  Block: Kite shield       |       |       |     4 |    60 ||    64
         Reflection        |       |       |       |     1 ||     1

Table legend: (Time is in decaauts)
 A = Elapsed time spent in this place.
 B = Non-inter-level travel time spent in this place.
 C = Inter-level travel time spent in this place.
 D = Time resting spent in this place.
 E = Time spent auto-exploring this place.
 F = Levels seen in this place.
 G = Mean time per level.
                   A        B        C        D        E       F      G
               +--------+--------+--------+--------+--------+-----+--------+
         Total |   7291 |   6823 |    468 |    776 |   4387 |  11 |  662.8 |
       Dungeon |   6390 |   5970 |    420 |    439 |   4183 |   8 |  798.8 |
        Temple |     56 |      8 |     48 |      0 |      0 |   1 |   56.0 |
       Ossuary |    419 |    419 |      0 |    300 |     61 |   1 |  419.0 |
        Bailey |    425 |    425 |      0 |     37 |    143 |   1 |  425.0 |
               +--------+--------+--------+--------+--------+-----+--------+

Top non-repeatable levels by time:
     D:4: 1454 daAuts
     D:1: 1079 daAuts
     D:5: 901 daAuts
     D:6: 734 daAuts
     D:2: 705 daAuts
     D:3: 656 daAuts
     D:7: 623 daAuts
  Bailey: 425 daAuts
 Ossuary: 419 daAuts
     D:8: 235 daAuts
  Temple: 56 daAuts
